 Dungeon Crawl Stone Soup version 0.30.1-9-gdf580d7c3d (webtiles) character file.

Game seed: 7837226239769130757

156 lonewolfV2 the Shield-Bearer (level 5, -2/42 HPs)
             Began as a Formicid Fighter on Sept 27, 2023.
             Shot with an arrow by a centaur (9 damage)
             ... on level 4 of the Dungeon.
             The game lasted 00:04:37 (3094 turns).

lonewolfV2 the Shield-Bearer (Formicid Fighter)     Turns: 3094, Time: 00:04:38

Health: -2/42      AC:  7    Str: 22    XL:     5   Next: 65%
Magic:  5/5        EV:  9    Int:  8    God:
Gold:   110        SH:  6    Dex: 13    Spells: 4/4 levels left

rFire   . . .        a - +0 war axe
rCold   . . .        c - +1 buckler
rNeg    . . .        b - +0 scale mail
rPois   .            (helmet unavailable)
rElec   .            (no cloak)
rCorr   .            (no gloves)
SInv    +            (no boots)
Will    .....        (no amulet) Stlth
                     (no ring)
HPRegen 0.27/turn    (no ring)
MPRegen 0.09/turn

%: no passive effects
@: no status effects
A: permanent stasis, dig shafts and tunnels, antennae 3, four strong arms
a: Dig, Shaft Self


You were on level 4 of the Dungeon.
You visited 1 branch of the dungeon, and saw 4 of its levels.

You collected 110 gold pieces.

Inventory:

Hand Weapons
 a - a +0 war axe (weapon)
Armour
 b - a +0 scale mail (worn)
 c - a +1 buckler (worn)
 l - the +0 leather armour of the Moon Troll {rN+ SInv}
   (You found it on level 2 of the Dungeon)

   rN:        It protects you from negative energy.
   SInv:      It lets you see invisible.
Wands
 m - a wand of polymorph (9)
Scrolls
 e - a scroll of amnesia
 g - a scroll of enchant armour
 h - a scroll of magic mapping
 i - a scroll of identify
 j - a scroll of vulnerability
 k - a scroll of immolation
Potions
 d - a potion of might
 n - a potion of haste


   Skills:
 + Level 4.0 Fighting
 + Level 3.5 Axes
 + Level 4.2 Armour
 + Level 0.7 Dodging
 + Level 1.1 Stealth
 + Level 4.6 Shields


You had 4 spell levels left.
You didn't know any spells.
Your spell library contained the following spells:

 Spells                   Type           Power      Damage    Failure   Level
 Sandblast                Erth           0%         2d4       80%         1
 Passwall                 Tmut/Erth      0%         N/A       90%         2
 Stone Arrow              Conj/Erth      0%         3d7       99%         3


Dungeon Overview and Level Annotations

Branches:
Dungeon (4/15)
 Temple: D:4-7

Altars:
Okawaru


Innate Abilities, Weirdness & Mutations

You cannot be hasted, slowed, berserked, paralysed or teleported.
You can dig through walls and to a lower floor.
You have a pair of large antennae on your head. (SInv)
Your four strong arms can wield two-handed weapons with a shield.


Message History

As you read the scroll of identify, it crumbles to dust.
f - 2 potions of curing
As you read the scroll of identify, it crumbles to dust.
n - a potion of haste
As you read the scroll of identify, it crumbles to dust.
e - a scroll of amnesia
As you read the scroll of identify, it crumbles to dust.
k - a scroll of immolation
Okay, then.
There are monsters nearby!
There are monsters nearby!
There are monsters nearby!
There are monsters nearby!
Items here: ! ) [ †.
The jackal stops to sniff the ground.
There are monsters nearby!
There are monsters nearby!
There are monsters nearby!
There are monsters nearby!
A centaur comes into view.
The centaur shouts!
The centaur wields a +0 shortbow.
The centaur shoots an arrow.
You block the arrow.
The centaur shoots an arrow.
You block the arrow.
The centaur shoots an arrow.
The arrow hits you!
The centaur shoots an arrow.
The arrow hits you!
The centaur shoots an arrow.
The arrow hits you!
* * * LOW HITPOINT WARNING * * *
The centaur shoots an arrow.
You block the arrow.
The centaur shoots an arrow.
The arrow hits you.
* * * LOW HITPOINT WARNING * * *
The centaur shoots an arrow.
The arrow hits you.
* * * LOW HITPOINT WARNING * * *
The centaur shoots an arrow.
The arrow barely misses you.
You feel better.
The centaur shoots an arrow.
You block the arrow.
You feel better.
The centaur shoots an arrow.
The arrow hits you!
* * * LOW HITPOINT WARNING * * *
The centaur shoots an arrow.
The arrow barely misses you.
The centaur shoots an arrow.
The arrow hits you!
You die...

..................
..........#.....#
..............#
...........$..+
..............#
##########....######
#....#....###
######......~~.~~#
...........@.~#+
.............~#
..........c..~#
#########....~~~~
#.......# #.......#
#.......# #.......#


You could see a centaur.

Vanquished Creatures
  An orc priest (D:3)
  Robin (D:4)
  5 adders
  A worm (D:3)
  A dart slug (D:3)
  2 orcs (D:3)
  2 ball pythons
  7 endoplasms
  A giant cockroach (D:1)
  8 goblins
  9 hobgoblins
  2 jackals (D:2)
  5 quokkas
  4 bats
  3 frilled lizards
  3 kobolds
  4 rats
59 creatures vanquished.

Notes
Turn   | Place    | Note
-------+----------+-------------------------------------------
     0 | D:1      | lonewolfV2 the Formicid Fighter began the quest for the
                  | Orb.
     0 | D:1      | Reached XP level 1. HP: 18/18 MP: 1/1
     6 | D:1      | You fall into a shaft and drop 1 floor!
    24 | D:2      | Reached XP level 2. HP: 22/24 MP: 2/2
   325 | D:2      | Reached XP level 3. HP: 27/28 MP: 3/3
  1087 | D:2      | Identified the +0 leather armour of the Moon Troll {rN+
                  | SInv}
  1606 | D:3      | Found an iron altar of Okawaru.
  1860 | D:3      | Reached XP level 4. HP: 37/37 MP: 4/4
  1984 | D:3      | Reached skill level 1 in Stealth
  2008 | D:3      | Reached XP level 5. HP: 16/42 MP: 5/5
  2903 | D:4      | Noticed Robin
  2913 | D:4      | Killed Robin
  3036 | D:4      | Noticed a sky beast
  3085 | D:4      | Noticed a centaur
  3090 | D:4      | HP: 1/42 [centaur/arrow (3)]
  3094 | D:4      | Shot with an arrow by a centaur

Illustrated notes

Levels and vault maps discovered:
D:1:      dpeg_arrival_shelter, layout_loops_ring,
          nicolae_kite_square_tiling_tiny, dreamdust_princess_corridor
D:2:      layout_loops_ring, nicolae_eternal_life, st_stairs_6,
          chequers_serial_rivers_micro_a
D:3:      layout_loops_cross, mainiacjoe_overflow_small_starburst, minmay_cupped
D:4:      layout_basic, kennysheep_mini_moat, minmay_fountain_box,
          minmay_joined_circles, uniq_robin

Skill      XL: |  1  2  3  4  5 |
---------------+----------------+-----
Stealth        | 1 |  1.1
Axes           | 3 |  3.5
Fighting       | 4 |  4.0
Armour         | 4 |  4.2
Dodging        | |  0.7
Shields        | |  4.6

Action                     |  1- 3 |  4- 6 || total
---------------------------+-------+-------++-------
  Melee: War axe           |    76 |    87 ||   163
    Use: Scroll            |     6 |     4 ||    10
         Potion            |       |     2 ||     2
 Armour: Scale mail        |    30 |    35 ||    65
  Dodge: Dodged            |    41 |    45 ||    86
  Block: Buckler           |    27 |    39 ||    66
